AoeStats
← Weini_SK

Migration

510151933Analyzed
1v1 RM · 2d ago on Sep 29, 2026· 53m 54s· 2 players
Game mode
Random Map
Map size
132×132
Population
200
Speed
Normal
Resources
Standard
Victory
Conquest
Starting age
Dark Age
Ending age
Imperial Age
RankedLock teamsTeams togetherTeam positionsShared explorationLock speedFull tech treeHidden civsTurbo modeCheats
Victory
Defeat
🇩🇪 Goths · Germany
914
+18
🇸🇰 Teutons · Slovakia
949
-53
NakedMike
11:04 Feudal Age
9:25 Loom
14:15 Fishing Lines
16:48 Castle Age
15:21 Double-Bit Axe
18:02 Bow Saw
18:06 Forging
18:49 Squires
19:53 Town Watch
21:42 Horse Collar
25:35 Wheelbarrow
26:09 Medium Warships
32:08 Scale Mail Armor
32:44 Iron Casting
34:41 Heavy Plow
35:53 Man-at-Arms
35:55 Pikeman
41:23 Imperial Age
38:43 Long Swordsman
39:51 Ballistics
39:44 Clinker Construction
42:04 Hand Cart
41:50 Town Patrol
42:47 Crop Rotation
42:30 Bloodlines
43:26 Conscription
43:31 Anarchy
45:27 Chemistry
44:53 Carvel Hull
44:46 Careening
44:51 Masonry
45:22 Elite Huskarl
46:06 Perfusion
45:31 Two-Handed Swordsman
49:21 Heavy Warships
50:34 Blast Furnace
49:50 Chain Mail Armor
49:26 Fletching
52:40 Bodkin Arrow
Weini_SK
16:36 Feudal Age
17:08 Double-Bit Axe
17:52 Stone Mining
17:57 Gold Mining
19:43 Padded Archer Armor
20:00 Fletching
21:51 Forging
24:53 Arson
29:30 Horse Collar
30:19 Scale Mail Armor
34:01 Castle Age
34:07 Loom
34:57 Wheelbarrow
34:54 Bow Saw
34:47 Heavy Plow
34:50 Gambesons
35:06 Squires
35:24 Leather Archer Armor
35:05 Bodkin Arrow
35:45 Iron Casting
35:25 Chain Mail Armor
34:40 Demolition Ship
35:37 Medium Warships
36:48 Stone Shaft Mining
38:30 Pikeman
42:10 Imperial Age
39:30 Town Watch
41:39 Town Patrol
43:15 Crenellations
43:17 Conscription
42:32 Halberdier
43:48 Ring Archer Armor
44:18 Blast Furnace
43:49 Plate Mail Armor
44:22 Chemistry
43:35 Masonry
43:49 Sappers
45:44 Heated Shot
46:59 Two-Man Saw
49:34 Ballistics
Connection lost

Rejoining the realm…

Still unreachable

The connection could not be restored.

Session expired

The server has moved on; the page needs a fresh start.